Map: [ESL] Hard Lead

Players

Firefly

  • Race: Protoss Protoss
  • Spawn Location: 5:00

Kelazhur - Winner!

  • Race: Terran Terran
  • Spawn Location: 11:00

Event: IEM Katowice 2024

VOD

Have the link to the VOD?

Description

Time

  • Played on: Feb. 10, 2024, 7:53 a.m.
  • Length: 13:55

All games in this series

Show
View Real Time Build Order
Export as new Build Order

Firefly Protoss 

Build Orders: Phoenix Opening 

Get SALT Encoding   

  12  0:00  Probe  
  13  0:12  Probe  
  14  0:17  Pylon  
  14  0:24  Probe  
  15  0:35  Gateway  
  15  0:37  Probe (Chrono Boost)  
  16  0:47  Assimilator, Probe (Chrono Boost)  
  17  0:52  Probe (Chrono Boost)  
  18  1:03  Probe  
  19  1:15  Probe  
  20  1:22  Cybernetics Core  
  20  1:23  Zealot  
  22  1:27  Assimilator, Probe  
  22  1:31  Pylon  
  23  1:49  Probe  
  24  1:55  Stalker (Chrono Boost)  
  26  2:02  Warp Gate  
  26  2:04  Probe  
  27  2:11  Nexus  
  27  2:16  Probe  
  27  2:21  Stalker (Chrono Boost)  
  30  2:28  Probe  
  30  2:38  Pylon  
  30  2:40  Probe  
  31  2:46  Stargate  
  31  2:56  Probe  
  32  3:02  Stalker  
  34  3:08  Probe  
  35  3:15  Shield Battery  
  35  3:20  Probe  
  36  3:28  Probe  
  36  3:31  Shield Battery, Phoenix (Chrono Boost)  
  36  3:32  Probe  
  40  3:41  Probe  
  41  3:44  Probe  
  41  3:47  Phoenix (Chrono Boost)  
  42  3:53  Probe  
  45  3:56  Probe  
  46  4:05  Probe  
  46  4:07  Gateway  
  46  4:08  Probe  
  46  4:09  Phoenix (Chrono Boost)  
  48  4:13  Stalker  
  52  4:17  Probe  
  52  4:20  Probe  
  54  4:31  Probe  
  53  4:33  Probe  
  54  4:39  Pylon  
  54  4:49  Nexus, Twilight Council  
  54  4:54  Forge  
  54  4:59  Charge  
  54  5:01  Probe  
  54  5:02  Probe  
  56  5:09  Pylon  
  56  5:11  Gateway  
  56  5:12  Gateway  
  56  5:13  Sentry, Probe  
  59  5:15  Probe  
  59  5:17  Oracle, Protoss Ground Armor Level 1 (Chrono Boost)  
  58  5:25  Probe  
  58  5:27  Probe  
  58  5:30  Gateway  
  58  5:31  Gateway  
  58  5:35  Shield Battery  
  58  5:37  Gateway  
  58  5:42  Gateway  
  58  5:46  Pylon  
  58  5:47  Shield Battery  
  58  5:52  Stalker  
  58  5:56  Stalker  
  62  5:58  Probe x2  
  62  6:01  Probe  
  65  6:08  Stalker  
  65  6:10  Stalker  
  65  6:11  Pylon, Probe  
  70  6:15  Probe x2  
  70  6:17  Stalker  
  74  6:26  Blink (Chrono Boost)  
  74  6:29  Zealot x3  
  74  6:31  Pylon  
  80  6:35  Zealot x3  
  86  6:43  Zealot x2  
  90  6:49  Protoss Ground Weapons Level 1 (Chrono Boost)  
  90  6:50  Probe  
  90  6:51  Probe, Pylon  
  92  6:55  Zealot x2  
  96  7:04  Zealot x4  
  98  7:16  Zealot  
  98  7:17  Zealot x3  
  88  7:29  Stalker x4  
  89  7:42  Zealot x3  
  95  7:45  Nexus, Sentry  
  94  7:57  Probe x2  
  96  8:04  Zealot x7  
  110  8:10  Sentry  
  110  8:12  Probe x3  
  107  8:27  Pylon  
  107  8:32  Sentry, Zealot x6  
  117  8:40  Pylon  
  117  8:41  Forge  
  117  8:45  Probe x3  
  110  8:54  Zealot x7  
  96  9:06  Probe x2  
  96  9:12  Oracle (Chrono Boost)  
  96  9:16  Protoss Ground Weapons Level 2 (Chrono Boost)  
  99  9:24  Zealot  
  101  9:25  Zealot x3  
  101  9:27  Zealot x4  
  101  9:30  Photon Cannon  
  112  9:31  Shield Battery  
  112  9:32  Photon Cannon  
  112  9:47  Protoss Ground Armor Level 2 (Chrono Boost)  
  112  9:48  Zealot x7  
  112  9:49  Zealot  
  128  10:00  Photon Cannon  
  128  10:04  Photon Cannon  
  128  10:05  Pylon  
  112  10:16  Zealot x6  
  122  10:27  Zealot x2  
  116  10:36  Zealot x2  
  116  10:37  Zealot x4  
  103  10:51  Zealot x2  
  103  10:57  Zealot x5, Pylon, Shield Battery, Stalker  
  103  11:13  Zealot x2  
  103  11:21  Zealot x2, Stalker x4  
  103  11:25  Probe x3  
  103  11:26  Probe  
  103  11:27  Pylon  
  101  11:39  Zealot x2  
  105  11:40  Nexus  
  105  11:46  Zealot x6  
  117  11:51  Shield Battery  
  101  12:04  Zealot x2  
  101  12:06  Zealot x6  
  97  12:23  Pylon  
  97  12:24  Probe x3  
  97  12:29  Zealot x4  
  108  12:32  Pylon  
  102  12:53  Zealot x5  
  102  12:54  Zealot x3  
  118  13:01  Probe  
  118  13:02  Probe x3  
  97  13:14  Zealot x3, Stalker x4  
  97  13:16  Zealot  
  111  13:39  Zealot x5  
  111  13:40  Zealot  
Show
View Real Time Build Order
Export as new Build Order

Kelazhur Terran - Winner!

Build Orders:  

Get SALT Encoding   

  12  0:00  SCV  
  13  0:12  SCV  
  14  0:17  Supply Depot  
  14  0:24  SCV  
  15  0:38  SCV  
  15  0:39  Barracks  
  16  0:44  Refinery  
  16  0:50  SCV  
  16  0:54  Refinery  
  17  1:02  SCV  
  18  1:15  SCV  
  19  1:26  Reaper  
  19  1:27  Orbital Command  
  20  1:46  Supply Depot  
  20  1:47  Factory  
  20  1:53  SCV  
  21  2:05  SCV  
  22  2:15  Command Center  
  22  2:17  SCV  
  22  2:21  Barracks Reactor  
  23  2:29  SCV  
  24  2:34  Starport  
  24  2:35  Widow Mine  
  26  2:42  SCV  
  27  2:54  SCV  
  27  2:57  Supply Depot, Widow Mine  
  27  2:58  Marine x2  
  31  3:19  SCV, Medivac  
  34  3:27  Orbital Command  
  34  3:28  Barracks Tech Lab  
  34  3:31  Cyclone x2  
  34  3:32  SCV  
  39  3:44  SCV  
  39  3:45  Orbital Command  
  40  3:49  Supply Depot  
  40  3:56  SCV  
  39  4:03  Cyclone x2  
  39  4:08  SCV  
  44  4:10  Supply Depot  
  46  4:17  Raven  
  46  4:19  Supply Depot  
  46  4:20  SCV  
  47  4:26  Orbital Command  
  43  4:32  SCV  
  43  4:35  Cyclone x2  
  46  4:44  SCV  
  47  4:50  Marine  
  47  4:52  Bunker  
  46  4:54  SCV  
  46  4:56  SCV  
  47  5:06  SCV  
  48  5:08  SCV  
  51  5:19  SCV  
  51  5:20  SCV  
  51  5:24  Barracks  
  51  5:25  Barracks, Engineering Bay  
  51  5:29  Supply Depot  
  51  5:30  Marine x2  
  51  5:31  Siege Tank, SCV  
  51  5:33  SCV  
  58  5:36  Refinery  
  58  5:38  Starport Tech Lab  
  58  5:43  SCV  
  58  5:45  SCV  
  58  5:48  Marine x2  
  62  5:53  Command Center  
  62  5:55  Terran Infantry Weapons Level 1, SCV  
  64  5:57  SCV  
  64  6:02  Starport Reactor  
  64  6:07  SCV  
  64  6:08  Refinery  
  64  6:09  SCV, Supply Depot  
  69  6:19  Marine x2, SCV  
  69  6:20  Stimpack  
  69  6:21  SCV, Marine  
  71  6:25  Supply Depot  
  71  6:30  Combat Shield, Factory Reactor  
  71  6:31  Marauder, SCV  
  73  6:33  SCV  
  73  6:35  Supply Depot  
  73  6:38  Marine x2  
  73  6:39  Marauder  
  78  6:41  Medivac x2  
  78  6:43  SCV  
  78  6:45  SCV  
  84  6:53  Barracks, Marauder  
  86  6:54  Barracks  
  86  6:55  SCV  
  86  6:58  SCV  
  86  6:59  Marine x2  
  86  7:00  Marauder  
  92  7:06  Orbital Command  
  92  7:07  SCV  
  92  7:08  Widow Mine  
  95  7:09  Widow Mine  
  89  7:18  SCV  
  89  7:19  Marauder  
  89  7:20  Marine, SCV  
  81  7:25  Marine x2  
  79  7:30  SCV  
  79  7:32  SCV  
  79  7:34  SCV  
  82  7:37  Marine  
  82  7:40  Marauder  
  82  7:42  SCV  
  82  7:44  SCV  
  87  7:46  SCV  
  87  7:47  Marine  
  87  7:48  Marauder  
  87  7:49  Terran Infantry Armor Level 1  
  87  7:50  Barracks Reactor, Barracks Tech Lab  
  91  7:53  Supply Depot  
  91  7:54  SCV  
  91  7:56  Armory  
  92  8:02  Marauder  
  92  8:04  Barracks Tech Lab  
  92  8:05  Concussive Shells, Marine x2  
  95  8:09  Marauder  
  95  8:10  Orbital Command, Widow Mine x2  
  95  8:11  SCV x2  
  103  8:13  Supply Depot, Medivac  
  103  8:14  Medivac  
  107  8:24  Marauder  
  107  8:25  Marauder  
  107  8:31  Widow Mine, Marauder  
  107  8:32  Marine x4, Widow Mine  
  114  8:39  Bunker, SCV  
  114  8:40  SCV  
  116  8:43  Supply Depot  
  116  8:46  Marauder  
  116  8:47  Marauder  
  110  8:52  Marauder  
  110  8:53  Marine x2  
  105  8:58  Widow Mine  
  97  9:03  Marine x2  
  97  9:07  Marauder  
  97  9:08  Marauder  
  97  9:09  Medivac  
  105  9:11  Marine x2  
  105  9:16  Marauder  
  109  9:21  Marine x2  
  111  9:28  Marauder  
  111  9:29  Marine x2  
  111  9:30  Marauder  
  117  9:38  Marauder  
  119  9:39  Medivac x2  
  119  9:43  Terran Infantry Weapons Level 2  
  123  9:46  Widow Mine  
  125  9:54  Marine  
  125  9:56  Marauder  
  126  10:06  Marine  
  126  10:17  Command Center  
  126  10:23  Marauder  
  126  10:24  Marine  
  125  10:28  Medivac x2  
  125  10:30  Marauder x2  
  125  10:34  Widow Mine  
  126  10:37  Marine  
  126  10:43  Marine x3  
  126  10:44  Marauder  
  120  10:51  Marauder x2  
  120  10:54  Marine  
  121  10:59  Widow Mine x2  
  121  11:00  Marine  
  121  11:02  Marine  
  126  11:13  Marine  
  126  11:14  Marine x2  
  126  11:16  Marauder  
  126  11:17  Medivac x2, Marauder  
  126  11:18  Marine  
  126  11:19  Marine  
  126  11:20  Widow Mine  
  125  11:27  Widow Mine  
  125  11:31  Marine  
  125  11:32  Marine x2  
  127  11:36  Marine x2  
  127  11:37  Marine  
  127  11:38  Marauder  
  132  11:42  Widow Mine  
  132  11:48  Medivac x2  
  132  11:49  Widow Mine  
  132  11:50  Marine, Marauder  
  141  11:55  Marine  
  141  11:56  Marine  
  141  11:57  Marauder, Marine  
  129  12:05  Marauder  
  129  12:07  Marine  
  126  12:10  Marine  
  126  12:13  Marine x2  
  126  12:15  Marine  
  130  12:18  Marauder  
  129  12:25  Marine  
  129  12:27  Marauder  
  132  12:30  Marauder  
  134  12:37  Orbital Command  
  134  12:40  Widow Mine  
  134  12:41  Marauder, Marine, Widow Mine  
  141  12:45  Marine  
  141  12:47  Marine  
  141  12:54  Marauder  
  141  13:07  Supply Depot  
  141  13:11  Marine x2, Supply Depot  
  141  13:13  Marine x2  
  141  13:22  Supply Depot  
  141  13:24  Marine  
  141  13:25  Marauder x2, SCV x2  
  148  13:28  Missile Turret  
  148  13:29  Marine, Widow Mine x2  

Tags
 
Add a new tag
Caveats
  • Supply blocks, unpowered buildings, or Contaminate may cause inaccurate times.
  • Supply counts are checked every 10 seconds.